 Dungeon Crawl Stone Soup version 0.31-a0-662-g684573625c (webtiles) character file.

Game seed: 12401998908368227883

84 Xavori the Cutter (level 4, 0/31 HPs)
             Began as an Octopode Chaos Knight on Sept 1, 2023.
             Was a Plaything of Xom.
             Slain by an orc
             ... wielding a +0 dagger
              (3 damage)
             ... on level 3 of the Dungeon.
             The game lasted 00:02:13 (13327 turns).

Xavori the Cutter (Octopode Chaos Knight)          Turns: 13327, Time: 00:02:15

Health: 0/31       AC:  1    Str: 15    XL:     4   Next: 46%
Magic:  4/4        EV: 14    Int:  9    God:    Xom [....*.]
Gold:   176        SH:  0    Dex: 16    Spells: 3/3 levels left

rFire   x . .        a - +0 short sword (chaos)
rCold   . . .        (no shield)
rNeg    . . .        (helmet restricted)
rPois   .            (no amulet)
rElec   .            p - ring of Stoicism {rF- rCorr Int-4 Dex+6 SInv}
rCorr   +            (no ring)
SInv    +            (no ring)
Will    .....        (no ring)
Stlth   ++++         (no ring)
HPRegen 0.25/turn    (no ring)
MPRegen 0.09/turn    (no ring)
                     (no ring)

%: clarity
@: no status effects
A: almost no armour, amphibious, 8 rings, camouflage 2, gelatinous body 1,
(nimble swimmer 1), tentacles, beak, clarity, clumsy 1, high MP 1, strong 1,
subdued magic 1
a: Renounce Religion


You were on level 3 of the Dungeon.
You worshipped Xom.
You were a beloved toy of Xom.
You visited 1 branch of the dungeon, and saw 3 of its levels.

You collected 176 gold pieces.

Inventory:

Hand Weapons
 a - a +0 short sword of chaos (weapon)
Jewellery
 j - a ring of willpower
 p - the ring of Stoicism (left tentacle) {rF- rCorr Int-4 Dex+6 SInv}
   (Xom gifted it to you on level 3 of the Dungeon)

   [ring of see invisible]

   Int-4:     It affects your intelligence (-4).
   Dex+6:     It affects your dexterity (+6).
   rF-:       It makes you vulnerable to fire.
   SInv:      It lets you see invisible.
   rCorr:     It protects you from acid and corrosion.
Wands
 n - a wand of charming (4)
Scrolls
 b - a scroll of butterflies
 e - 5 scrolls of noise {unknown}
 f - a scroll of acquirement {unknown}
 g - a scroll of revelation {unknown}
 h - 2 scrolls of torment {unknown}
 i - a scroll of poison {unknown}
 k - a scroll of identify {unknown}
 l - a scroll of brand weapon {unknown}
Potions
 c - a potion of lignification {unknown}
 d - 2 potions of might {unknown}
 m - a potion of mutation {unknown}
 o - a potion of attraction {unknown}


   Skills:
 + Level 3.4 Fighting
 + Level 3.7 Short Blades
 + Level 3.2 Dodging
 + Level 2.1 Stealth
 * Level 0.5 Evocations


You had 3 spell levels left.
You didn't know any spells.
Your spell library was empty.

Dungeon Overview and Level Annotations

Branches:
Dungeon (3/15)

Altars:
Fedhas
Gozag
Hepliaklqana


Innate Abilities, Weirdness & Mutations

You cannot wear most types of armour.
You are amphibious.
You can wear up to eight rings at the same time.
Your skin blends seamlessly with your surroundings (Stealth++).
Your rubbery body absorbs attacks. (AC +1, EV +1)
((You are camouflaged when in or above water. (Stealth+)))
You have tentacles for arms and can constrict up to eight enemies at once.
You have a beak for a mouth.
You possess an exceptional clarity of mind.
You are clumsy. (Dex -2)
You have an increased reservoir of magic. (+10% MP)
Your muscles are strong. (Str +4, Int/Dex -1)
Your spells are a little easier to cast, but a little less powerful.


Message History

You hit the orc priest but do no damage.
The orc priest easily resists.
The orc priest is moderately wounded.
You constrict the orc priest, but do no damage.
The orc priest hits you with a +0 short sword!
The orc hits you with a +0 hand axe.
* * * LOW HITPOINT WARNING * * *
The orc completely misses you. The orc misses you.
You are too injured to fight recklessly!
Unknown command.
You are too injured to fight recklessly!
Unknown command.
You are too injured to fight recklessly!
Unknown command.
You hit the orc priest but do no damage.
The orc priest is moving more slowly.
You squeeze the orc priest.
The orc priest is heavily wounded.
You constrict the orc priest. The orc priest completely misses you.
The orc hits you but does no damage. The orc misses you.
The orc closely misses you.
You hit the orc priest but do no damage.
You peck the orc priest, but do no damage.
You tentacle-slap the orc priest, but do no damage.
You squeeze the orc priest, but do no damage.
The orc priest is heavily wounded.
You constrict the orc priest, but do no damage.
You hit the orc priest.
You squeeze the orc priest, but do no damage.
The orc priest is severely wounded.
You constrict the orc priest. The orc priest closely misses you.
The orc hits you but does no damage. The orc hits you with a +0 hand axe.
* * * LOW HITPOINT WARNING * * *
The orc closely misses you.
You hit the orc priest but do no damage.
The orc priest looks as sick as possible!
The orc priest is almost dead.
You constrict the orc priest, but do no damage.
You kill the orc priest!
The orc misses you. The orc hits you with a +0 dagger.
You die...

....#.#.#(#.#.#.#.#.#.#.##
..##.#.#.#.#.#.#.#.#.#.#.#
....#.#.#.# #.#.#.#.#.#.##
...#.#.#.#.# #.#.#.#.#.#.#
....#.#+#+#.#.#.#.#.#.#.##
...#.#.......#+#.#+#+#+#+##
#...#+....................#
...#.#..........o.........#
.#..#+.........o@.........#
.#.###.........))o?.......#
.#.# #.........>..........#
.+.# #....................#
.### #...........##########
.# #>.....###### .# #######
.# .


You could see 3 orcs.

Vanquished Creatures
  2 orc priests (D:3)
  A worm (D:3)
  2 orcs (D:3)
  6 ball pythons
  5 bats
  6 endoplasms
  2 giant cockroaches (D:3)
  2 goblins (D:1)
  6 hobgoblins
  2 quokkas (D:3)
  3 frilled lizards
  5 kobolds
  4 rats
46 creatures vanquished.

Notes
Turn   | Place    | Note
-------+----------+-------------------------------------------
     0 | D:1      | Xavori the Octopode Chaos Knight began the quest for the
                  | Orb.
     0 | D:1      | Reached XP level 1. HP: 16/16 MP: 1/1
   147 | D:1      | XOM: divination: detect creatures
   209 | D:1      | XOM: silly message
   214 | D:1      | Reached XP level 2. HP: 3/21 MP: 2/2
   554 | D:1      | XOM: divination: magic mapping
   641 | D:1      | XOM: silly message
   744 | D:1      | XOM: silly message
   807 | D:1      | XOM: silly message
  1259 | D:1      | XOM: divination: detect creatures
  1785 | D:1      | XOM: give mutation
  1785 | D:1      | Gained mutation: You are clumsy. (Dex -2) [Xom's mischief]
  1881 | D:1      | XOM: summons 1 hostile shadow creature
  1891 | D:2      | Reached XP level 3. HP: 23/26 MP: 3/3
  1918 | D:2      | XOM: silly message
  2067 | D:1      | XOM: summons 1 hostile demon
  2129 | D:2      | XOM is BORED!
  2129 | D:2      | XOM: 4-stop teleportation journey
  2566 | D:1      | XOM: scenery: 3 doors close
  2572 | D:1      | XOM: scenery: 3 doors open
  2934 | D:1      | XOM: noise
  3121 | D:1      | XOM: divination: detect items
  3290 | D:1      | XOM: 7-stop teleportation journey
  3529 | D:1      | XOM is BORED!
  3529 | D:1      | XOM: summons 4 hostile shadow creatures
  3956 | D:1      | XOM: stat loss: -1 Str (10/11)
  4272 | D:1      | XOM: give mutation
  4272 | D:1      | Gained mutation: Your muscles are strong. (Str +4, Int/Dex
                  | -1) [Xom's grace]
  4820 | D:1      | XOM: give mutation
  4820 | D:1      | Gained mutation: You have a beak for a mouth. [Xom's
                  | mischief]
  5921 | D:1      | XOM: summons 2 hostile demons
  5922 | D:1      | Noticed a sixfirhy
  6074 | D:2      | XOM: 1-stop teleportation journey
  6318 | D:2      | Reached skill level 1 in Stealth
  6458 | D:2      | XOM: silly message
  7985 | D:1      | XOM: stat loss: -1 Int (12/13)
  8065 | D:1      | XOM: god gift: silver wand {god gift}
  8070 | D:1      | XOM: cloud trail
  8238 | D:1      | XOM: divination: detect creatures
  8859 | D:1      | XOM: cloud trail
 10139 | D:1      | XOM: scenery: 3 doors close
 10985 | D:1      | XOM is BORED!
 10985 | D:1      | XOM: give mutations
 10985 | D:1      | Gained mutation: You possess an exceptional clarity of
                  | mind. [Xom's mischief]
 10985 | D:1      | Gained mutation: Your skin blends seamlessly with your
                  | surroundings (Stealth++). [Xom's mischief]
 10985 | D:1      | Gained mutation: Your spells are a little easier to cast,
                  | but a little less powerful. [Xom's mischief]
 10985 | D:1      | Gained mutation: You have an increased reservoir of magic.
                  | (+10% MP) [Xom's mischief]
 11002 | D:1      | Glimpsed the power of Zot.
 11333 | D:2      | XOM: god gift: spear {god gift}
 12947 | D:3      | Identified the ring of Stoicism {rF- rCorr Int-4 Dex+6
                  | SInv} (Xom gifted it to you on level 3 of the Dungeon)
 12947 | D:3      | XOM: god gift: ring of Stoicism {rF- rCorr Int-4 Dex+6
                  | SInv}
 12985 | D:3      | Found a hazy altar of Hepliaklqana.
 12986 | D:3      | Found a blossoming altar of Fedhas.
 12986 | D:3      | Found an opulent altar of Gozag.
 13046 | D:3      | XOM: 7-stop teleportation journey
 13320 | D:3      | Reached XP level 4. HP: 28/31 MP: 4/4
 13327 | D:3      | Slain by an orc

Illustrated notes

Levels and vault maps discovered:
D:1:      kennysheep_arrival_seaside, layout_rooms,
          minmay_misc_feat_four_crosses, minmay_tetromino_l4
D:2:      layout_basic, st_stairs_3
D:3:      layout_basic, grunt_temple_overflow_open

Skill      XL: |  1  2  3 |
---------------+----------+-----
Stealth        | 2 |  2.1
Dodging        | 3 |  3.2
Fighting       | |  3.4
Short Blades   | |  3.7
Evocations     | |  0.5

Action                     |  1- 3 |  4- 6 || total
---------------------------+-------+-------++-------
  Melee: Short sword       |    85 |     8 ||    93
         Constrict         |    19 |     1 ||    20
         Tentacles         |    13 |     4 ||    17
         Peck              |     7 |     2 ||     9
         Punch             |       |     1 ||     1
   Stab: Sleeping          |    12 |       ||    12
 Armour: Skin              |    33 |     9 ||    42
  Dodge: Dodged            |    60 |    14 ||    74

Table legend: (Time is in decaauts)
 A = Elapsed time spent in this place.
 B = Non-inter-level travel time spent in this place.
 C = Inter-level travel time spent in this place.
 D = Time resting spent in this place.
 E = Time spent auto-exploring this place.
 F = Levels seen in this place.
 G = Mean time per level.
                   A        B        C        D        E       F      G
               +--------+--------+--------+--------+--------+-----+--------+
         Total |  13317 |  13237 |     80 |  11508 |   1375 |   3 | 4439.0 |
       Dungeon |  13317 |  13237 |     80 |  11508 |   1375 |   3 | 4439.0 |
               +--------+--------+--------+--------+--------+-----+--------+

Top non-repeatable levels by time:
     D:1: 9938 daAuts
     D:2: 2785 daAuts
     D:3: 594 daAuts
